 Dungeon Crawl Stone Soup version 0.22-a0-880-gb7b0c8b (webtiles) character file.

46 jjfam the Skirmisher (level 3, 0/33 HPs)
             Began as a Minotaur Berserker on July 30, 2018.
             Was a Believer of Trog.
             Slain by a hippogriff (7 damage)
             ... on level 2 of the Dungeon.
             The game lasted 00:03:22 (1207 turns).

jjfam the Skirmisher (Minotaur Berserker)           Turns: 1207, Time: 00:03:23

Health: 0/33       AC:  4    Str: 22    XL:     3   Next: 46%
Magic:  2/2        EV: 12    Int:  4    God:    Trog [**....]
Gold:   67         SH:  0    Dex:  9    Spells: 2/2 levels left

rFire    . . .     SeeInvis .   a - +0 hand axe
rCold    . . .     Gourm    .   (no shield)
rNeg     . . .     Faith    .   f - +0 leather armour
rPois    .         Spirit   .   (helmet restricted)
rElec    .         Reflect  .   (no cloak)
rCorr    .         Harm     .   (no gloves)
MR       ++...                  m - +0 pair of boots
Stlth    +.........             (no amulet)
HPRegen  1.11/turn              (no ring)
MPRegen  0.08/turn              (no ring)

@: regenerating
A: retaliatory headbutt, horns 2
a: Berserk, Trog's Hand, Renounce Religion


You were on level 2 of the Dungeon.
You worshipped Trog.
Trog was pleased with you.
You were not hungry.

You visited 1 branch of the dungeon, and saw 2 of its levels.

You collected 67 gold pieces.

Inventory:

Hand Weapons
 a - a +0 hand axe (weapon)
Armour
 f - a +0 leather armour (worn)
 m - a +0 pair of boots (worn)
Scrolls
 i - 2 scrolls of identify {unknown}
 j - a scroll of magic mapping {unknown}
 k - a scroll of immolation {unknown}
 l - a scroll of blinking {unknown}
Potions
 b - 2 potions of curing {unknown}
 e - a potion of degeneration {unknown}
 g - a potion of ambrosia {unknown}
 h - 2 potions of heal wounds {unknown}
Comestibles
 c - 3 rations
 d - 6 chunks of flesh


   Skills:
 + Level 4.2 Fighting
 + Level 4.2 Axes
 + Level 3.0 Armour
 + Level 2.8 Dodging


You had 2 spell levels left.
You didn't know any spells.
Your spell library was empty.

Dungeon Overview and Level Annotations

Branches:
Dungeon (2/15)

Altars:


Innate Abilities, Weirdness & Mutations

You reflexively headbutt those who attack you in melee.
You have a pair of horns on your head.


Message History

There are monsters nearby!
There are monsters nearby!
There are monsters nearby!
There are monsters nearby!
The hippogriff bites you! The hippogriff pecks you. The hippogriff claws you.
You are too injured to fight recklessly!
You are too injured to fight recklessly!
You are too injured to fight recklessly!
You are too injured to fight recklessly!
You are too injured to fight recklessly!
You are too injured to fight recklessly!
You are too injured to fight recklessly!
Your skin crawls.
You feel resistant to hostile enchantments.
You feel somewhat more hungry.
The leopard gecko bites you but does no damage.
The hippogriff bites you. The hippogriff pecks you.
* * * LOW HITPOINT WARNING * * *
The hippogriff claws you!
You die...

## ..## #. .....#.###
.)#.#...# .......# #.
..#.#...######. # ##.#
#.............. ..#...#
#.l@H....# ....#..
#..#####.# #.#.... #..#
#.# #...... #..# #.#
#..# #. ###..# #.# #..#
#. #....# #.#####..###.
##.#..# #............
#.....#####.#####......
#..##.............รท....


You could see a hippogriff and a leopard gecko.

Vanquished Creatures
  A gnoll (D:1)
  A worm (D:2)
  A dart slug (D:1)
  A leopard gecko (D:1)
  4 giant cockroaches
  3 hobgoblins
  A ball python (D:2)
  8 bats
  3 frilled lizards (D:1)
  3 goblins
  6 rats
32 creatures vanquished.

Notes
Turn   | Place    | Note
-------+----------+-------------------------------------------
     0 | D:1      | jjfam the Minotaur Berserker began the quest for the Orb.
     0 | D:1      | Reached XP level 1. HP: 19/19 MP: 0/0
   176 | D:1      | Reached XP level 2. HP: 27/27 MP: 1/1
   854 | D:1      | Reached XP level 3. HP: 22/33 MP: 2/2
  1115 | D:2      | Reached ** piety under Trog
  1205 | D:2      | Noticed a hippogriff
  1207 | D:2      | Slain by a hippogriff

Vault maps used:
D:1:      dpeg_arrival_pits, minmay_distorted

Skill      XL: |  1  2  3 |
---------------+----------+-----
Fighting       | 4 |  4.2
Axes           | 4 |  4.2
Armour         | 3 |  3.0
Dodging        | |  2.8

Action                   || total
-------------------------++-------
Melee: Hand axe          ||    83
       Headbutt          ||    20
Invok: Trog's Hand       ||     1
  Eat: Chunk             ||     1
Armor: Animal skin       ||     4
       Leather armour    ||    21
Dodge: Dodged            ||    60

Table legend:
 A = Spawn XP
 B = Non-spawn XP
 C = Spawn XP percentage of total XP
 D = Spawn monster count
 E = Non-spawn monster count
 F = Spawn count percentage of total count
 G = Total turns spent on level
                    A         B        C        D         E        F      G
               +---------+---------+-------+---------+---------+-------+---------
         Total |       0 |      67 |   0.0 |       0 |      32 |   0.0 |  1207
               +---------+---------+-------+---------+---------+-------+---------
           D:1 |       0 |      51 |   0.0 |       0 |      23 |   0.0 |  1081
           D:2 |       0 |      16 |   0.0 |       0 |       9 |   0.0 |   126
               +---------+---------+-------+---------+---------+-------+---------
